| TOP OF THE 1ST |
|
Chester Pirates batting - Pitching for Windy City ThunderBolts : RHP J.J. Donovan
|
|
Pitching: RHP J.J. Donovan
|
|
|
Batting: RHB Edwardo Tanchez
|
0-0: Swinging Strike 0-1: Ball 1-1: Swinging Strike 1-2: Ball 2-2: Ball 3-2: Foul Ball, location: 2F 3-2: Strikes out swinging
|
|
Batting: RHB Rafael Galicia
|
0-0: SINGLE (Line Drive, 3D, EV 95.6 MPH)
|
|
Batting: SHB Mike Corley
|
0-0: Called Strike 0-1: Ball 1-1: Swinging Strike 1-2: Ball 2-2: Foul Ball, location: 2F 2-2: Strikes out looking
|
|
Batting: RHB Bob Buckler
|
0-0: Swinging Strike 0-1: Swinging Strike 0-2: Ball 1-2: Strikes out swinging
|
| Top of the 1st over - 0 runs, 1 hit, 0 errors, 1 left on base; Chester 0 - Windy City 0 |
| BOTTOM OF THE 1ST |
|
Windy City ThunderBolts batting - Pitching for Chester Pirates : RHP Shi-yu Man
|
|
Pitching: RHP Shi-yu Man
|
|
|
Batting: SHB Dan Strickland
|
0-0: Ground out U3 (Groundball, 3S, EV 82.5 MPH)
|
|
Batting: RHB Eddie Dimas
|
0-0: Ball 1-0: Ball 2-0: Swinging Strike 2-1: Ball 3-1: Base on Balls
|
|
Batting: RHB Paul Holland
|
0-0: Ball 1-0: Ball 2-0: Ball 3-0: Base on Balls Eddie Dimas to second
|
|
Batting: RHB Bellchior Osuna
|
0-0: Foul Ball, location: 2F 0-1: Foul Ball, location: 2F 0-2: Strikes out swinging
|
|
Batting: RHB Joe Thomas
|
0-0: Called Strike 0-1: Ball 1-1: Ball 2-1: Ball 3-1: Called Strike 3-2: SINGLE (Line Drive, 5D, EV 103.8 MPH) Eddie Dimas to third Paul Holland to second Eddie Dimas scores Paul Holland to third
|
|
Batting: RHB Donovan Deason
|
0-0: Ground out 4-3 (Groundball, 34, EV 87.5 MPH)
|
| Bottom of the 1st over - 1 run, 1 hit, 0 errors, 2 left on base; Chester 0 - Windy City 1 |
| TOP OF THE 2ND |
|
Chester Pirates batting - Pitching for Windy City ThunderBolts : RHP J.J. Donovan
|
|
Batting: RHB Matt Rangel
|
0-0: Called Strike 0-1: Ball 1-1: Ground out 4-3 (Groundball, 4, EV 86.9 MPH)
|
|
Batting: LHB Sean Driscoll
|
0-0: SINGLE (Groundball, 56D, EV 104.4 MPH)
|
|
Batting: RHB William Lindsey
|
0-0: Called Strike 0-1: Swinging Strike 0-2: Ball 1-2: Foul Ball, location: 2F 1-2: Strikes out swinging
|
|
Batting: RHB Joe Stepnowski
|
0-0: Foul Ball, location: 2F 0-1: Ball 1-1: Foul Ball, location: 2F 1-2: Strikes out looking
|
| Top of the 2nd over - 0 runs, 1 hit, 0 errors, 1 left on base; Chester 0 - Windy City 1 |
| BOTTOM OF THE 2ND |
|
Windy City ThunderBolts batting - Pitching for Chester Pirates : RHP Shi-yu Man
|
|
Batting: RHB Klaus Brown
|
0-0: Ball 1-0: Called Strike 1-1: Ball 2-1: Swinging Strike 2-2: Strikes out looking
|
|
Batting: RHB Nhat Phong
|
0-0: Fly out, F7 (Line Drive, 78D, EV 91.9 MPH)
|
|
Batting: RHB Sim Damit
|
0-0: Ball 1-0: Ball 2-0: Called Strike 2-1: SINGLE (Groundball, 4MD, EV 98.1 MPH)
|
|
Batting: SHB Dan Strickland
|
0-0: Ball 1-0: Foul Ball, location: 2F 1-1: Ball 2-1: Foul Ball, location: 2F 2-2: Foul Ball, location: 2F 2-2: Ball 3-2: Ground out 4-3 (Groundball, 4M, EV 103.8 MPH)
|
| Bottom of the 2nd over - 0 runs, 1 hit, 0 errors, 1 left on base; Chester 0 - Windy City 1 |
| TOP OF THE 3RD |
|
Chester Pirates batting - Pitching for Windy City ThunderBolts : RHP J.J. Donovan
|
|
Batting: RHB Freddy Mulholland
|
0-0: Ball 1-0: Ball 2-0: Ball 3-0: Called Strike 3-1: Foul Ball, location: 2F 3-2: Base on Balls
|
|
Batting: RHB Edwardo Tanchez
|
0-0: Ball 1-0: Called Strike 1-1: Fly out, F7 (Flyball, 7D, EV 102.5 MPH)
|
|
Batting: RHB Rafael Galicia
|
0-0: Ball 1-0: Ball Freddy Mulholland steals 2nd base 2-0: Called Strike 2-1: Called Strike 2-2: Strikes out swinging
|
|
Batting: SHB Mike Corley
|
0-0: Ball 1-0: Ball 2-0: Called Strike 2-1: Fly out, F8 (Flyball, 8LD, EV 91.2 MPH)
|
| Top of the 3rd over - 0 runs, 0 hits, 0 errors, 1 left on base; Chester 0 - Windy City 1 |
| BOTTOM OF THE 3RD |
|
Windy City ThunderBolts batting - Pitching for Chester Pirates : RHP Shi-yu Man
|
|
Batting: RHB Eddie Dimas
|
0-0: Swinging Strike 0-1: Fly out, F8 (Line Drive, 89M, EV 107.5 MPH)
|
|
Batting: RHB Paul Holland
|
0-0: Called Strike 0-1: Ball 1-1: Ball 2-1: Swinging Strike 2-2: Foul Ball, location: 2F 2-2: Strikes out swinging
|
|
Batting: RHB Bellchior Osuna
|
0-0: Ball 1-0: Ball 2-0: Foul Ball, location: 2F 2-1: Fly out, F8 (Line Drive, 8LS, EV 95.0 MPH)
|
| Bottom of the 3rd over - 0 runs, 0 hits, 0 errors, 0 left on base; Chester 0 - Windy City 1 |
| TOP OF THE 4TH |
|
Chester Pirates batting - Pitching for Windy City ThunderBolts : RHP J.J. Donovan
|
|
Batting: RHB Bob Buckler
|
0-0: Ball 1-0: Ball 2-0: Ball 3-0: Called Strike 3-1: Ground out 5-3 (Groundball, 56, EV 86.2 MPH)
|
|
Batting: RHB Matt Rangel
|
0-0: Ball 1-0: Ground out 6-3 (Groundball, 6, EV 85.6 MPH)
|
|
Batting: LHB Sean Driscoll
|
0-0: Ball 1-0: Ball 2-0: Ball 3-0: Called Strike 3-1: Ground out 5-3 (Groundball, 56S, EV 81.9 MPH)
|
| Top of the 4th over - 0 runs, 0 hits, 0 errors, 0 left on base; Chester 0 - Windy City 1 |
| BOTTOM OF THE 4TH |
|
Windy City ThunderBolts batting - Pitching for Chester Pirates : RHP Shi-yu Man
|
|
Batting: RHB Joe Thomas
|
0-0: Ball 1-0: Called Strike 1-1: TRIPLE (Flyball, 78XD, EV 94.4 MPH)
|
|
Batting: RHB Donovan Deason
|
0-0: Called Strike 0-1: Called Strike 0-2: Ball 1-2: Foul Ball, location: 2F 1-2: Ball 2-2: Foul Ball, location: 2F 2-2: Strikes out swinging
|
|
Batting: RHB Klaus Brown
|
0-0: Called Strike 0-1: Swinging Strike 0-2: Foul Ball, location: 2F 0-2: Strikes out looking
|
|
Batting: RHB Nhat Phong
|
0-0: Called Strike 0-1: Called Strike 0-2: Ball 1-2: Ground out 4-3 (Groundball, 4, EV 98.1 MPH)
|
| Bottom of the 4th over - 0 runs, 1 hit, 0 errors, 1 left on base; Chester 0 - Windy City 1 |
| TOP OF THE 5TH |
|
Chester Pirates batting - Pitching for Windy City ThunderBolts : RHP J.J. Donovan
|
|
Batting: RHB William Lindsey
|
0-0: Called Strike 0-1: Swinging Strike 0-2: Foul Ball, location: 2F 0-2: Ball 1-2: Foul Ball, location: 2F 1-2: Strikes out swinging
|
|
Batting: RHB Joe Stepnowski
|
0-0: Ball 1-0: Ball 2-0: Foul Ball, location: 2F 2-1: Called Strike 2-2: SINGLE (Flyball, 8LS, EV 90.0 MPH)
|
|
Batting: RHB Freddy Mulholland
|
0-0: Called Strike 0-1: Ball 1-1: Foul Ball, location: 2F 1-2: Foul Ball, location: 2F 1-2: Ball 2-2: Strikes out swinging
|
|
Batting: RHB Edwardo Tanchez
|
0-0: Ball 1-0: Ball 2-0: Called Strike 2-1: 2-RUN HOME RUN (Flyball, 78XD, EV 111.2 MPH), Distance : 421 ft
|
|
Batting: RHB Rafael Galicia
|
0-0: Ball 1-0: Foul Ball, location: 2F 1-1: Ball 2-1: Ground out 1-3 (Groundball, 15S, EV 70.0 MPH)
|
| Top of the 5th over - 2 runs, 2 hits, 0 errors, 0 left on base; Chester 2 - Windy City 1 |
| BOTTOM OF THE 5TH |
|
Windy City ThunderBolts batting - Pitching for Chester Pirates : RHP Shi-yu Man
|
|
Batting: RHB Sim Damit
|
0-0: Called Strike 0-1: Swinging Strike 0-2: Ground out 5-3 (Groundball, 56S, EV 81.9 MPH)
|
|
Batting: SHB Dan Strickland
|
0-0: Ball 1-0: Foul Ball, location: 2F 1-1: Called Strike 1-2: Ball 2-2: Foul Ball, location: 2F 2-2: Foul Ball, location: 2F 2-2: Foul Ball, location: 2F 2-2: Ground out 5-3 (Groundball, 56S, EV 70.6 MPH)
|
|
Batting: RHB Eddie Dimas
|
0-0: Ball 1-0: Swinging Strike 1-1: SINGLE (Groundball, 6MD, EV 98.8 MPH)
|
|
Pitching: RHP Justin Rousell
|
|
|
Batting: RHB Paul Holland
|
0-0: Reached on error, E9 (Flyball, 89D, EV 100.0 MPH) Eddie Dimas to third
|
|
Batting: RHB Bellchior Osuna
|
0-0: Swinging Strike 0-1: Foul Ball, location: 2F 0-2: Strikes out swinging
|
| Bottom of the 5th over - 0 runs, 1 hit, 1 error, 2 left on base; Chester 2 - Windy City 1 |
| TOP OF THE 6TH |
|
Chester Pirates batting - Pitching for Windy City ThunderBolts : RHP J.J. Donovan
|
|
Batting: SHB Mike Corley
|
0-0: Ball 1-0: Called Strike 1-1: Ball 2-1: Foul Ball, location: 2F 2-2: Ball 3-2: SOLO HOME RUN (Flyball, 89XD, EV 104.4 MPH), Distance : 407 ft
|
|
Batting: RHB Bob Buckler
|
0-0: Called Strike 0-1: Ball 1-1: Ball 2-1: Called Strike 2-2: Foul Ball, location: 2F 2-2: Fly out, F4 (Popup, 34S, EV 83.8 MPH)
|
|
Batting: RHB Matt Rangel
|
0-0: Called Strike 0-1: Ball 1-1: Ball 2-1: Foul Ball, location: 2F 2-2: SINGLE (Line Drive, 5D, EV 100.0 MPH)
|
|
Batting: LHB Sean Driscoll
|
0-0: Called Strike 0-1: Foul Ball, location: 2F 0-2: Ball 1-2: Foul Ball, location: 2F 1-2: Grounds into double play, 5-4-3 (Groundball, 6, EV 105.0 MPH)
|
| Top of the 6th over - 1 run, 2 hits, 0 errors, 0 left on base; Chester 3 - Windy City 1 |
| BOTTOM OF THE 6TH |
|
Windy City ThunderBolts batting - Pitching for Chester Pirates : RHP Justin Rousell
|
|
Batting: RHB Joe Thomas
|
0-0: Ball 1-0: Ball 2-0: Called Strike 2-1: Foul Ball, location: 2F 2-2: Strikes out swinging
|
|
Batting: RHB Donovan Deason
|
0-0: Called Strike 0-1: Ball 1-1: Ground out 5-3 (Groundball, 56S, EV 73.1 MPH)
|
|
Batting: RHB Klaus Brown
|
0-0: Ball 1-0: Foul Ball, location: 2F 1-1: Called Strike 1-2: Strikes out swinging
|
| Bottom of the 6th over - 0 runs, 0 hits, 0 errors, 0 left on base; Chester 3 - Windy City 1 |
| TOP OF THE 7TH |
|
Chester Pirates batting - Pitching for Windy City ThunderBolts : RHP J.J. Donovan
|
|
Pitching: RHP Jesse Kuhlman
|
|
|
Batting: RHB Zach Chmieleski
|
0-0: Ball 1-0: Ball 2-0: Foul Ball, location: 2F 2-1: Foul Ball, location: 2F 2-2: Ground out 6-3 (Groundball, 56, EV 100.0 MPH)
|
|
Batting: RHB Joe Stepnowski
|
0-0: Ball 1-0: Called Strike 1-1: Foul Ball, location: 2F 1-2: Strikes out swinging
|
|
Batting: RHB Freddy Mulholland
|
0-0: Ground out 4-3 (Groundball, 4, EV 82.5 MPH)
|
| Top of the 7th over - 0 runs, 0 hits, 0 errors, 0 left on base; Chester 3 - Windy City 1 |
| BOTTOM OF THE 7TH |
|
Windy City ThunderBolts batting - Pitching for Chester Pirates : RHP Justin Rousell
|
|
Batting: RHB Nhat Phong
|
0-0: Ball 1-0: Foul Ball, location: 2F 1-1: Ball 2-1: Ball 3-1: Base on Balls
|
|
Batting: RHB Sim Damit
|
0-0: Ball 1-0: Ball 2-0: Fly out, F8 (Line Drive, 89D, EV 93.8 MPH)
|
|
Pitching: RHP Colin Walker
|
|
|
Batting: SHB Dan Strickland
|
0-0: Ball 1-0: Foul Ball, location: 2F 1-1: Foul Ball, location: 2F 1-2: Grounds into double play, 5-4-3 (Groundball, 56, EV 110.0 MPH)
|
| Bottom of the 7th over - 0 runs, 0 hits, 0 errors, 0 left on base; Chester 3 - Windy City 1 |
| TOP OF THE 8TH |
|
Chester Pirates batting - Pitching for Windy City ThunderBolts : RHP Jesse Kuhlman
|
|
Pitching: RHP Ted Hurley
|
|
|
Batting: RHB Edwardo Tanchez
|
0-0: Foul Ball, location: 2F 0-1: Ball 1-1: Ball 2-1: Fly out, F7 (Line Drive, 78S, EV 92.5 MPH)
|
|
Batting: RHB Rafael Galicia
|
0-0: Ball 1-0: Ball 2-0: Ground out 6-3 (Groundball, 6, EV 80.6 MPH)
|
|
Batting: SHB Mike Corley
|
0-0: Fly out, F8 (Line Drive, 78M, EV 88.1 MPH)
|
| Top of the 8th over - 0 runs, 0 hits, 0 errors, 0 left on base; Chester 3 - Windy City 1 |
| BOTTOM OF THE 8TH |
|
Windy City ThunderBolts batting - Pitching for Chester Pirates : RHP Colin Walker
|
|
Batting: RHB Eddie Dimas
|
0-0: Hit by Pitch
|
|
Pitching: RHP Sean Elder
|
|
|
Batting: RHB Paul Holland
|
0-0: Called Strike 0-1: Ball 1-1: Ball 2-1: 2-RUN HOME RUN (Flyball, 78XD, EV 105.0 MPH), Distance : 408 ft
|
|
Batting: RHB Bellchior Osuna
|
0-0: Called Strike 0-1: Called Strike 0-2: Ball 1-2: Ball 2-2: Strikes out swinging
|
|
Batting: RHB Joe Thomas
|
0-0: Ball 1-0: Foul Ball, location: 2F 1-1: Called Strike 1-2: SINGLE (Flyball, 4MD, EV 93.1 MPH)
|
|
Batting: RHB Donovan Deason
|
0-0: Swinging Strike 0-1: Swinging Strike 0-2: SINGLE (Groundball, 5L, EV 83.8 MPH) (infield hit) Joe Thomas to second
|
|
Batting: RHB Klaus Brown
|
0-0: Grounds into double play, 5-4-3 (Groundball, 56S, EV 85.0 MPH)
|
| Bottom of the 8th over - 2 runs, 3 hits, 0 errors, 1 left on base; Chester 3 - Windy City 3 |
| TOP OF THE 9TH |
|
Chester Pirates batting - Pitching for Windy City ThunderBolts : RHP Ted Hurley
|
|
Batting: RHB Bob Buckler
|
0-0: Called Strike 0-1: Ball 1-1: DOUBLE (Line Drive, 3D, EV 103.8 MPH)
|
|
Batting: RHB Matt Rangel
|
0-0: Ball 1-0: Ground out 6-3 (Groundball, 6, EV 101.2 MPH)
|
|
Pitching: RHP Ray Nauman
|
|
|
Batting: LHB Sean Driscoll
|
0-0: Ball 1-0: Ball 2-0: Called Strike 2-1: Foul Ball, location: 2F 2-2: Ball 3-2: Foul Ball, location: 2F 3-2: Reached on error, E8 (Flyball, 78D, EV 103.8 MPH) Bob Buckler scores
|
|
Batting: RHB Zach Chmieleski
|
0-0: Intentional Walk
|
|
Batting: RHB Joe Stepnowski
|
0-0: Called Strike 0-1: Called Strike 0-2: Ball 1-2: Ball 2-2: Strikes out swinging
|
|
Batting: RHB Freddy Mulholland
|
0-0: Called Strike 0-1: Ball 1-1: Fly out, F8 (Flyball, 8LS, EV 86.9 MPH)
|
| Top of the 9th over - 1 run, 1 hit, 1 error, 2 left on base; Chester 4 - Windy City 3 |
| BOTTOM OF THE 9TH |
|
Windy City ThunderBolts batting - Pitching for Chester Pirates : RHP Sean Elder
|
|
Pitching: RHP Dan Cauble
|
|
|
Pinch Hitting: RHB Camillo Bonauiti
|
0-0: Called Strike 0-1: Ball 1-1: Foul Ball, location: 2F 1-2: Fly out, F8 (Flyball, 78M, EV 93.1 MPH)
|
|
Batting: RHB Sim Damit
|
0-0: Ball 1-0: Reached on error, E5 (Groundball, 5, EV 81.2 MPH)
|
|
Batting: SHB Dan Strickland
|
0-0: Ball 1-0: Ball 2-0: Ball 3-0: Called Strike 3-1: Foul Ball, location: 2F 3-2: Strikes out looking
|
|
Batting: RHB Eddie Dimas
|
0-0: Called Strike 0-1: Foul Ball, location: 2F 0-2: Ball 1-2: Ball 2-2: Ball 3-2: Base on Balls
|
|
Batting: RHB Paul Holland
|
0-0: Called Strike 0-1: Ball 1-1: Foul Ball, location: 2F 1-2: Foul Ball, location: 2F 1-2: Ball 2-2: Ball 3-2: Base on Balls Sim Damit to third Eddie Dimas to second
|
|
Batting: RHB Bellchior Osuna
|
0-0: Ball 1-0: Foul Ball, location: 2F 1-1: Fielders Choice at 2nd, 5-4 (Groundball, 56, EV 87.5 MPH)
|
| Bottom of the 9th over - 0 runs, 0 hits, 1 error, 3 left on base; Chester 4 - Windy City 3 |
|